 Dungeon Crawl Stone Soup version 0.23-a0-139-ga22e90c45f (webtiles) character file.

1584 Napalmbreeze the Destroyer (level 8, -2/41 HPs)
             Began as a Deep Elf Fire Elementalist on Aug 30, 2018.
             Slain by a quokka (3 damage)
             ... on level 6 of the Dungeon.
             The game lasted 00:31:44 (5901 turns).

Napalmbreeze the Destroyer (DEFE)                   Turns: 5901, Time: 00:31:45

Health: -2/41      AC:  3    Str:  5    XL:     8   Next: 61%
Magic:  3/21       EV: 13    Int: 28    God:
Gold:   236        SH:  0    Dex: 15    Spells: 7/22 levels left

rFire    . . .     SeeInvis .   t - +4 quarterstaff (chaos)
rCold    + . .     Gourm    .   (shield currently unavailable)
rNeg     . . .     Faith    .   a - +0 robe
rPois    .         Spirit   .   (no helmet)
rElec    .         Reflect  .   v - +0 cloak (curse)
rCorr    .         Harm     .   (no gloves)
MR       .....                  (no boots)
Stlth    ++........             (no amulet)
HPRegen  0.13/turn              i - ring of flight
MPRegen  0.17/turn              C - ring of protection from cold

@: brilliant, berserk cooldown, hasted and slowed
A: no striking features
a: Evoke Flight


You were on level 6 of the Dungeon.
You were not hungry.

You visited 1 branch of the dungeon, and saw 6 of its levels.

You collected 236 gold pieces.

Inventory:

Hand Weapons
 t - a +4 quarterstaff of chaos (weapon)
Armour
 a - a +0 robe (worn)
 d - a +0 buckler
 v - a cursed +0 cloak (worn)
Magical Staves
 y - an uncursed staff of summoning
Jewellery
 i - a ring of flight (left hand)
 C - a ring of protection from cold (right hand)
Wands
 h - a wand of acid (7)
 r - a wand of iceblast (10)
Scrolls
 b - 5 scrolls of identify
 g - 2 scrolls of magic mapping {unknown}
 j - 3 scrolls of remove curse {unknown}
 k - a scroll of amnesia {unknown}
 m - 2 scrolls of immolation {unknown}
 n - 2 scrolls of noise {unknown}
 q - 2 scrolls of enchant armour {unknown}
 u - a scroll of fog {unknown}
Potions
 e - a potion of agility {unknown}
 f - a potion of mutation {unknown}
 l - 3 potions of cancellation
 o - a potion of haste
 s - 2 potions of berserk rage
 x - a potion of resistance {unknown}
 z - a potion of flight {unknown}
 A - a potion of lignification {unknown}
 B - a potion of brilliance
Comestibles
 c - 9 rations
 w - 2 chunks of flesh


   Skills:
 - Level 2.4 Dodging
 - Level 2.4 Stealth
 + Level 7.7 Spellcasting
 * Level 8.4 Conjurations
 + Level 6.9 Fire Magic


You had 7 spell levels left.
You knew the following spells:

 Your Spells              Type           Power        Failure   Level  Hunger
a - Flame Tongue          Conj/Fire      #####        1%          1    None
d - Conjure Flame         Conj/Fire      ######..     1%          3    None
e - Fireball              Conj/Fire      ######....   1%          5    ####...
f - Sticky Flame          Conj/Fire      ######..     1%          4    ##.....
s - Throw Flame           Conj/Fire      ######       1%          2    None

Your spell library contained the following spells:

 Spells                   Type           Power        Failure   Level  Hunger
 Animate Skeleton         Necr           N/A          1%          1    None
 Apportation              Tloc           ####..       1%          1    None
 Confusing Touch          Hex            ####..       1%          1    None
 Summon Small Mammal      Summ           ####         1%          1    None
 Inner Flame              Hex/Fire       #####...     1%          3    None


Dungeon Overview and Level Annotations

Branches:
Dungeon (6/15)
 Temple: D:4-7

Altars:
Hepliaklqana
Nemelex Xobeh
Okawaru

Shops:
D:5 (**:*


Message History

Confirm with . or Enter, or press ? or * to list all spells.
You don't have enough magic to cast that spell.
Casting: Flame Tongue (safe; 1% risk of failure)
Confirm with . or Enter, or press ? or * to list all spells.
Aiming: Flame Tongue (safe; 1% risk of failure)
Press: ? - help, Shift-Dir - straight line, f/p - phantom
Aim: a phantom (severely damaged)
The flame tongue hits the phantom.
The phantom is almost destroyed.
The phantom hits you.
* * * LOW HITPOINT WARNING * * *
The quokka bites you.
* * * LOW HITPOINT WARNING * * *
It was a potion of brilliance.
You feel clever all of a sudden.
The phantom blinks!
The quokka misses you. The quokka bites you.
* * * LOW HITPOINT WARNING * * *
The quokka bites you.
You die...

##### #...#
#.#.# #.#.#
#.#.# #.#.#
..## #<#.#
...#
########.#
...$
#..#.r@..#
#.o#
#..#†#####
#r)# #..W.#
#
#)>#####.###
#.#.##r....#
#[.....#####
###.#### #.
#


You could see a phantom and a quokka.

Vanquished Creatures
  Pikel (D:4)
  Sigmund (D:3)
  Eustachio (D:4)
  Menkaure (D:4)
  A slave (D:4)
  An ogre (D:5)
  2 crimson imps (D:5)
  3 orc priests
  A jelly (D:5)
  Crazy Yiuf (D:3)
  Ijyb (D:3)
  Terence (D:3)
  Natasha (thrice) (D:2)
  4 orc wizards
  2 worker ants
  2 hound skeletons
  A gnoll (D:3)
  2 adders
  An ooze (D:2)
  4 dart slugs
  3 leopard geckos
  8 orcs
  3 giant cockroaches
  7 goblins
  9 hobgoblins
  9 jackals
  3 ball pythons
  6 bats
  4 frilled lizards
  12 kobolds
  A quokka zombie (D:5)
  6 rats
105 creatures vanquished.

Vanquished Creatures (others)
  A giant cockroach (D:4)
1 creature vanquished.

Grand Total: 106 creatures vanquished

Notes
Turn   | Place    | Note
-------+----------+-------------------------------------------
     0 | D:1      | Napalmbreeze the Deep Elf Fire Elementalist began the quest
                  | for the Orb.
     0 | D:1      | Reached XP level 1. HP: 10/10 MP: 6/6
   521 | D:1      | Reached XP level 2. HP: 15/15 MP: 5/8
   525 | D:1      | Learned a level 2 spell: Throw Flame
  1075 | D:2      | Found a hazy altar of Hepliaklqana.
  1100 | D:2      | Reached skill level 2 in Conjurations
  1100 | D:2      | Reached XP level 3. HP: 19/19 MP: 5/10
  1684 | D:2      | Noticed Natasha
  1989 | D:2      | Killed Natasha
  1989 | D:2      | Reached XP level 4. HP: 24/24 MP: 4/12
  2186 | D:2      | Found a faded altar of an unknown god.
  2216 | D:2      | Noticed Natasha
  2221 | D:2      | Killed Natasha
  2221 | D:2      | Reached skill level 3 in Conjurations
  2241 | D:2      | Noticed Natasha
  2247 | D:2      | Killed Natasha
  2643 | D:3      | Learned a level 3 spell: Conjure Flame
  2662 | D:3      | Noticed Terence
  2676 | D:3      | Killed Terence
  2676 | D:3      | Reached XP level 5. HP: 28/28 MP: 0/13
  2843 | D:3      | Noticed Sigmund
  2989 | D:3      | Learned a level 4 spell: Sticky Flame
  3198 | D:3      | Noticed Ijyb
  3208 | D:3      | Killed Ijyb
  3208 | D:3      | Reached skill level 4 in Conjurations
  3640 | D:3      | Found a runed door.
  3644 | D:3      | Noticed Crazy Yiuf
  3651 | D:3      | Killed Crazy Yiuf
  3926 | D:3      | Killed Sigmund
  3926 | D:3      | Reached skill level 5 in Spellcasting
  3926 | D:3      | Reached skill level 5 in Conjurations
  3926 | D:3      | Reached skill level 5 in Fire Magic
  3926 | D:3      | Reached XP level 6. HP: 11/32 MP: 2/16
  4152 | D:3      | Learned a level 5 spell: Fireball
  4237 | D:3      | Found an iron altar of Okawaru.
  4372 | D:4      | Noticed a slave
  4373 | D:4      | Noticed a slave
  4373 | D:4      | Noticed a slave
  4374 | D:4      | Noticed Pikel
  4388 | D:4      | Killed a slave
  4554 | D:4      | Killed Pikel
  4554 | D:4      | Reached skill level 6 in Conjurations
  4554 | D:4      | Reached XP level 7. HP: 36/36 MP: 3/18
  4782 | D:4      | Reached skill level 7 in Conjurations
  4817 | D:4      | Found a sparkling altar of Nemelex Xobeh.
  4948 | D:4      | Noticed Eustachio
  4952 | D:4      | Noticed Menkaure
  4955 | D:4      | Killed Menkaure
  4955 | D:4      | Reached XP level 8. HP: 33/41 MP: 5/20
  4961 | D:4      | Killed Eustachio
  5196 | D:5      | Entered Level 5 of the Dungeon
  5196 | D:5      | Found Otis's Assorted Antiques.
  5326 | D:5      | Found Ygos's General Store.
  5330 | D:5      | Found Gopoetoch's Book Emporium.
  5334 | D:5      | Found Ajeox's General Store.
  5347 | D:5      | Reached skill level 8 in Conjurations
  5567 | D:5      | Found Gonaizacw's Antique Weapon Shoppe.
  5889 | D:6      | HP: 1/41 [phantom (5)]
  5898 | D:6      | HP: 2/41 [quokka (2)]
  5901 | D:6      | Slain by a quokka

Vault maps used:
D:1:      co_arrival_square_in_a_square_in_a_square
D:2:      old_standard_altar, chequers_ecumenical_altar_simple_redux,
          uniq_natasha
D:3:      corexii_shack_village, okawaru_altar_gauntlet_db, first_ration,
          uniq_crazy_yiuf_cottage, uniq_terence, uniq_sigmund, uniq_ijyb
D:4:      nicolae_overflow_hidden_temple, minmay_checkerbox, uniq_menkaure,
          uniq_eustachio, uniq_pikel
D:5:      serial_shops, shop, shop, nicolae_shop_trees, shop,
          nicolae_shop_statue_plus
D:6:      kennysheep_little_box, minmay_temple_entry_enclosed_plants,
          gup_sewer_entry_bubbles, uniq_blork_the_orc

Skill      XL: |  1  2  3  4  5  6  7  8 |
---------------+-------------------------+-----
Conjurations   | 2 3 5 6 7 8 |  8.4
Fire Magic     | 4 5 6 |  6.9
Spellcasting   | 4 5 6 7 |  7.7
Dodging        | |  2.4
Stealth        | |  2.4

Action                   |  1- 3 |  4- 6 |  7- 9 || total
-------------------------+-------+-------+-------++-------
Melee: Spear             |     7 |     6 |       ||    13
       Quarterstaff      |       |       |    16 ||    16
 Cast: Flame Tongue      |    36 |    64 |    29 ||   129
       Throw Flame       |    19 |    18 |    22 ||    59
       Conjure Flame     |       |     5 |       ||     5
       Sticky Flame      |       |     5 |     7 ||    12
       Fireball          |       |       |     3 ||     3
  Use: Scroll            |       |     2 |     1 ||     3
       Potion            |       |     1 |     6 ||     7
 Stab: Sleeping          |       |     1 |       ||     1
       Paralysed         |       |       |     1 ||     1
  Eat: Chunk             |     3 |     3 |     5 ||    11
       Ration            |       |     2 |       ||     2
Armor: Robe              |    14 |     5 |     8 ||    27
Dodge: Dodged            |    40 |    15 |    31 ||    86

Table legend:
 A = Non-vault XP
 B = Vault XP
 C = Vault XP percentage of total XP
 D = Non-vault monster count
 E = Vault monster count
 F = Vault count percentage of total count
                 A         B        C        D         E       F
            +---------+---------+-------+---------+---------+-------
      Total |     849 |    1415 |  62.5 |      77 |      27 |  26.0
            +---------+---------+-------+---------+---------+-------
        D:1 |      17 |       0 |   0.0 |       9 |       0 |   0.0
        D:2 |     134 |      35 |  20.7 |      28 |       1 |   3.4
        D:3 |      29 |     376 |  92.8 |      10 |      20 |  66.7
        D:4 |     174 |    1004 |  85.2 |       6 |       6 |  50.0
        D:5 |     377 |       0 |   0.0 |      19 |       0 |   0.0
        D:6 |     118 |       0 |   0.0 |       5 |       0 |   0.0
            +---------+---------+-------+---------+---------+-------
